 Dungeon Sprint DCSS version 0.31-a0-728-g01b46875f1 (webtiles) character file.

Game seed: 12285921532083451727

586 sircluck the Grappler (level 7, -2/80 HPs)
             Began as a Troll Berserker on Sept 11, 2023.
             Was a High Priest of Trog.
             Slain by a black bear (4 damage)
             ... in the Dungeon (Sprint VII: "The Pits").
             The game lasted 00:01:01 (349 turns).

sircluck the Grappler (Troll Berserker)              Turns: 349, Time: 00:01:01

Health: -2/80      AC:  4    Str: 28    XL:     7   Next: 15%
Magic:  6/6        EV: 11    Int:  3    God:    Trog [*****.]
Gold:   0          SH:  0    Dex:  9    Spells: 6/6 levels left

rFire   . .          .
                       - Unarmed
rCold   . . .        (no shield)
rNeg    . . .        a - +0 animal skin
rPois   .            (helmet restricted)
rElec   .            (no cloak)
rCorr   .            (gloves unavailable)
SInv    .            (boots unavailable)
Will    .....        (no amulet)
Stlth   +            (no ring)
HPRegen 1.13/turn    (no ring)
MPRegen 0.10/turn

%: no teleportation
@: no status effects
A: large, unfitting armour, claws 3, regeneration 1, shaggy fur 1, tough skin 1
a: Renounce Religion, Berserk, Trog's Hand, Brothers in Arms


You were in the Dungeon.
You worshipped Trog.
Trog was extremely pleased with you.
You visited 1 branch

Inventory:

Armour
 a - a +0 animal skin (worn)
Scrolls
 i - 2 scrolls of vulnerability
 j - a scroll of butterflies
Potions
 b - 6 potions of curing
 c - 5 potions of heal wounds
 d - a potion of haste
 e - 4 potions of magic
 f - 3 potions of berserk rage
 h - 2 potions of invisibility


   Skills:
 + Level 8.0 Fighting
 + Level 7.9 Dodging
 + Level 9.4 Unarmed Combat


You had 6 spell levels left.
You didn't know any spells.
Your spell library was empty.

Dungeon Overview and Level Annotations

Branches:
Dungeon (1/1)

Altars:
Ashenzari
Cheibriados
Dithmenos
Elyvilon
Fedhas
Gozag
Hepliaklqana
Kikubaaqudgha
Makhleb
Nemelex Xobeh
Okawaru
Qazlal
Ru
Sif Muna
Trog
Uskayaw
Vehumet
Wu Jian
Xom
Yredelemnul
Zin
The Shining One
Jiyva
Lugonu


Innate Abilities, Weirdness & Mutations

You are too large for most types of armour.
You have claws for hands.
Your natural rate of healing is unusually fast.
You are covered in fur. (AC +1)
You have tough skin. (AC +1)


Message History

You kill the gnoll sergeant!
Trog accepts your kill.
The centaur wields a +0 orcbow.
The centaur shoots an arrow.
The arrow hits you.
* * * LOW HITPOINT WARNING * * *
Your Unarmed Combat skill increases to level 9!
The centaur unwields a +0 orcbow.
The centaur hits you.
* * * LOW HITPOINT WARNING * * *
The centaur kicks you but does no damage.
Things that are here:
a +0 trident; a +0 scale mail; a gnoll corpse You mangle the centaur!!
You kill the centaur!
Trog accepts your kill.
Your Fighting skill increases to level 8!
You have reached level 7!
You mangle the gnoll!!
You kill the gnoll!
Trog accepts your kill. The black bear bites you.
* * * LOW HITPOINT WARNING * * *
The black bear misses you. x2
Things that are here:
a +0 club; a +0 orcbow; a centaur corpse You barely miss the black bear.
The black bear bites you.
* * * LOW HITPOINT WARNING * * *
The black bear claws you but does no damage.
The black bear claws you.
* * * LOW HITPOINT WARNING * * *
You barely miss the black bear. The black bear bites you.
* * * LOW HITPOINT WARNING * * *
The black bear claws you but does no damage.
The black bear claws you.
* * * LOW HITPOINT WARNING * * *
You claw the black bear!
The black bear is moderately wounded.
The black bear bites you.
* * * LOW HITPOINT WARNING * * *
The black bear claws you.
You die...

#...........'.....
#'#####†#####.....
#.#..#.....##.....
#.#))#####'#####'#
#.#))#...).##.....
#.#))#.....##.....
#.#[[###'####.....
#)##'#.††..##...<.
#@#........##.....
#h#........##.....
#g###########.....
#gg)g...# ######
#..#g#..# #.##.#
.# #..hcg #
#.##g## #..#.#


You could see a black bear and 3 gnolls.

Vanquished Creatures
  A black bear (D)
  An ice beast (D)
  An ogre (D)
  A centaur (D)
  A bullfrog (D)
  A gnoll sergeant (D)
  2 jellies (D)
  2 gnolls (D)
  An adder (D)
  An ufetubus (D)
  A worm (D)
  A bat skeleton (D)
  3 jackals (D)
  A kobold (D)
  A ball python (D)
  A frilled lizard (D)
  A rat (D)
21 creatures vanquished.

Notes
Turn   | Place    | Note
-------+----------+-------------------------------------------
     0 | D        | sircluck the Troll Berserker began the quest for the Orb.
     0 | D        | Reached XP level 1. HP: 22/22 MP: 0/0
    39 | D        | Noticed a jelly
    40 | D        | Noticed a bullfrog
    49 | D        | Killed a jelly
    50 | D        | Reached skill level 4 in Unarmed Combat
    50 | D        | Reached XP level 2. HP: 32/32 MP: 1/1
    50 | D        | Reached XP level 3. HP: 39/39 MP: 2/2
   101 | D        | Killed a bullfrog
   101 | D        | Reached ** piety under Trog
   102 | D        | Reached skill level 5 in Unarmed Combat
   102 | D        | Reached XP level 4. HP: 49/49 MP: 3/3
   149 | D        | Reached skill level 5 in Fighting
   149 | D        | Reached skill level 6 in Unarmed Combat
   154 | D        | Found a bloodstained altar of Trog.
   154 | D        | Found a shimmering blue altar of Sif Muna.
   154 | D        | Found a viscous altar of Jiyva.
   154 | D        | Found a hazy altar of Hepliaklqana.
   154 | D        | Found an opulent altar of Gozag.
   155 | D        | Found a glowing golden altar of the Shining One.
   155 | D        | Found a glowing silver altar of Zin.
   155 | D        | Found a basalt altar of Yredelemnul.
   155 | D        | Found a shimmering altar of Xom.
   155 | D        | Found an ornate altar of the Wu Jian Council.
   155 | D        | Found a sacrificial altar of Ru.
   155 | D        | Found a stormy altar of Qazlal.
   155 | D        | Found an iron altar of Okawaru.
   155 | D        | Found a sparkling altar of Nemelex Xobeh.
   155 | D        | Found a burning altar of Makhleb.
   155 | D        | Found a blossoming altar of Fedhas.
   155 | D        | Found a white marble altar of Elyvilon.
   155 | D        | Found a shadowy altar of Dithmenos.
   155 | D        | Found a snail-covered altar of Cheibriados.
   159 | D        | Found a corrupted altar of Lugonu.
   159 | D        | Found a radiant altar of Vehumet.
   160 | D        | Found a broken altar of Ashenzari.
   160 | D        | Found an ancient bone altar of Kikubaaqudgha.
   160 | D        | Found a hide-covered altar of Uskayaw.
   193 | D        | Reached skill level 5 in Dodging
   195 | D        | Reached *** piety under Trog
   216 | D        | Noticed a black bear
   219 | D        | Reached **** piety under Trog
   225 | D        | Killed a black bear
   226 | D        | Reached skill level 7 in Unarmed Combat
   226 | D        | Reached XP level 5. HP: 37/59 MP: 4/4
   290 | D        | Noticed an ice beast
   307 | D        | Killed an ice beast
   308 | D        | Reached skill level 8 in Unarmed Combat
   308 | D        | Reached XP level 6. HP: 68/68 MP: 5/5
   320 | D        | Reached ***** piety under Trog
   335 | D        | HP: 2/71 [gnoll sergeant/+0 trident (12)]
   343 | D        | Reached skill level 9 in Unarmed Combat
   345 | D        | Reached XP level 7. HP: 20/80 MP: 6/6
   349 | D        | HP: 2/80 [black bear (5)]
   349 | D        | Slain by a black bear

Illustrated notes

Levels and vault maps discovered:
D:        pitsprint [storerooms_1, entrance_room_1, metal_vault_3, armoury_1,
          mini_pit_1, grid_room_1, main_hall_1, silver_pit, the_coven_3,
          the_vestibule_1, steel_vault_3, golden_pit, hallway_of_sentries,
          crystal_vault_4, iron_vault_3, final_vault]

Skill      XL: |  1  2  3  4  5  6 |
---------------+-------------------+-----
Fighting       | 3 4 6 8 |  8.0
Dodging        | 3 4 6 7 |  7.9
Unarmed Combat | 4 5 7 8 9 |  9.4

Action                     |  1- 3 |  4- 6 |  7- 9 || total
---------------------------+-------+-------+-------++-------
  Melee: Unarmed           |     9 |    40 |     4 ||    53
         Punch             |       |     2 |       ||     2
 Invoke: Berserk           |     1 |       |       ||     1
    Use: Scroll            |       |     1 |       ||     1
         Potion            |       |     1 |       ||     1
 Armour: Animal skin       |     2 |    42 |     9 ||    53
  Dodge: Dodged            |     3 |    33 |     2 ||    38

Table legend: (Time is in decaauts)
 A = Elapsed time spent in this place.
 B = Non-inter-level travel time spent in this place.
 C = Inter-level travel time spent in this place.
 D = Time resting spent in this place.
 E = Time spent auto-exploring this place.
 F = Levels seen in this place.
 G = Mean time per level.
                   A        B        C        D        E       F      G
               +--------+--------+--------+--------+--------+-----+--------+
         Total |    353 |    353 |      0 |     54 |    105 |   1 |  353.0 |
       Dungeon |    353 |    353 |      0 |     54 |    105 |   1 |  353.0 |
               +--------+--------+--------+--------+--------+-----+--------+

Top non-repeatable levels by time:
       D: 353 daAuts
